AoeStats
← PALITOMAN

Black Forest

509742442Analyzed
4v4 RM · 4d ago on Sep 27, 2026· 61m 40s· 8 players
Game mode
Random Map
Map size
Large (8 player)
Population
200
Speed
Normal
Resources
Standard
Victory
Conquest
Starting age
Dark Age
Ending age
Imperial Age
RankedLock teamsTeams togetherTeam positionsShared explorationLock speedFull tech treeHidden civsTurbo modeCheats
Victory
Defeat
🇨🇴 Vikings · Colombia
1118
+16
🇺🇸 Dravidians · United States
1117
+16
🇬🇹 Bulgarians · Guatemala
1103
+16
🇺🇸 Spanish · United States
1029
+19
🇦🇷 Aztecs · Argentina
1196
-20
🇪🇸 Varangians · Spain
1184
-19
🇦🇷 Muisca · Argentina
1053
-15
🇧🇷 Danes · Brazil
1004
-13
ViChoc
4:40 Loom
12:15 Feudal Age
21:33 Castle Age
32:15 Double-Bit Axe
35:09 Wheelbarrow
37:20 Horse Collar
38:28 Gold Mining
38:40 Heavy Plow
39:47 Bow Saw
43:13 Imperial Age
40:33 Town Watch
42:16 Ballistics
42:01 Stone Mining
42:46 Gold Shaft Mining
42:39 Squires
42:00 Pikeman
42:26 Arson
42:54 Forging
42:45 Scale Mail Armor
43:21 Hand Cart
47:01 Iron Casting
46:41 Chain Mail Armor
46:32 Scale Barding Armor
46:42 Halberdier
47:08 Gambesons
49:16 Conscription
50:56 Chain Barding Armor
51:07 Plate Mail Armor
51:38 Blast Furnace
51:14 Crop Rotation
52:11 Thumb Ring
52:32 Parthian Tactics
51:28 Elite Skirmisher
54:04 Bagains
54:00 Stirrups
55:16 Plate Barding Armor
54:31 Fletching
54:42 Padded Archer Armor
55:20 Town Patrol
56:29 Coinage
56:00 Caravan
55:45 Heavy Cavalry Archer
56:28 Bodkin Arrow
56:48 Leather Archer Armor
57:15 Stone Shaft Mining
56:25 Elite Konnik
58:24 Banking
59:07 Capped Ram
60:29 Onager
60:49 Siege Ram
Maiculito de la mancha
1:01 Loom
13:31 Feudal Age
17:45 Double-Bit Axe
20:04 Castle Age
19:43 Fletching
20:18 Gold Mining
20:09 Horse Collar
22:11 Crossbowman
24:16 Bodkin Arrow
25:59 Ballistics
27:18 Bow Saw
28:45 Stone Mining
29:40 Padded Archer Armor
33:25 Town Watch
37:01 Imperial Age
37:03 Leather Archer Armor
36:51 Scale Mail Armor
37:01 Forging
37:42 Squires
38:36 Conscription
38:55 Bracer
40:59 Chain Mail Armor
41:19 Iron Casting
42:43 Conscription
43:03 Elite Varangian Guard
43:29 Arson
45:01 Caravan
45:42 Gold Shaft Mining
46:29 Plate Mail Armor
47:00 Blast Furnace
48:40 Chemistry
52:36 Chieftains
Burt McChicken
3:22 Loom
13:26 Feudal Age
17:14 Castle Age
15:48 Double-Bit Axe
15:55 Horse Collar
18:34 Bow Saw
18:25 Heavy Plow
21:05 Gold Mining
22:43 Fletching
26:24 Wheelbarrow
27:16 Bodkin Arrow
29:48 Padded Archer Armor
29:58 Thumb Ring
30:40 Hand Cart
34:19 Imperial Age
32:08 Leather Archer Armor
32:58 Ballistics
33:27 Husbandry
34:16 Stone Mining
36:07 Two-Man Saw
35:10 Bracer
35:47 Devotion
36:05 Elite Elephant Archer
37:24 Ring Archer Armor
39:00 Chemistry
39:38 Guilds
39:14 Onager
43:04 Conscription
42:52 Medical Corps
43:23 Hoardings
45:26 Faith
49:00 Scale Mail Armor
49:10 Forging
53:22 Chain Mail Armor
53:23 Squires
53:09 Arson
60:00 Caravan
60:13 Town Watch
60:51 Siege Onager
CovertSpy
12:23 Feudal Age
13:08 Horse Collar
13:15 Double-Bit Axe
19:03 Castle Age
19:12 Wheelbarrow
18:24 Town Watch
18:24 Loom
19:16 Gold Mining
19:17 Stone Mining
20:51 Stone Shaft Mining
21:10 Bow Saw
21:21 Heavy Plow
23:55 Hand Cart
26:48 Forging
26:39 Scale Mail Armor
27:43 Pikeman
31:19 Fletching
31:29 Padded Archer Armor
33:30 Fortified Wall
33:42 Ballistics
37:02 Imperial Age
35:11 Iron Casting
34:51 Chain Mail Armor
34:41 Scale Barding Armor
35:40 Caravan
36:22 Bodkin Arrow
36:42 Leather Archer Armor
37:23 Masonry
37:38 Bloodlines
37:28 Husbandry
37:44 Squires
37:29 Arson
38:28 Conscription
38:38 Conscription
38:21 Bracer
39:17 Chain Mail Armor
39:04 Cavalier
40:38 Paladin
42:50 Town Patrol
44:22 Capped Ram
46:11 Blast Furnace
45:41 Plate Mail Armor
45:16 Scale Barding Armor
45:12 Murder Holes
47:23 Siege Ram
50:46 Plate Mail Armor
50:36 Chain Barding Armor
52:42 Plate Barding Armor
54:37 Chemistry
53:23 Arrowslits
54:09 Architecture
53:31 Guard Tower
57:06 Hoardings
PALITOMAN
11:51 Feudal Age
12:27 Double-Bit Axe
16:30 Castle Age
17:47 Horse Collar
21:39 Bow Saw
25:26 Bloodlines
25:45 Forging
24:59 Light Cavalry
27:22 Iron Casting
28:31 Wheelbarrow
28:39 Scale Barding Armor
30:59 Hand Cart
31:32 Chain Barding Armor
31:24 Heavy Plow
35:51 Imperial Age
33:36 Husbandry
35:15 Ballistics
34:47 Fletching
34:58 Padded Archer Armor
35:27 Bodkin Arrow
35:11 Elite Skirmisher
35:56 Hussar
37:42 Chemistry
37:19 Plate Barding Armor
37:45 Blast Furnace
37:29 Loom
38:48 Two-Man Saw
37:14 Onager
38:05 Gold Mining
38:07 Stone Mining
40:02 Arson
40:18 Squires
40:17 Bodkin Arrow
43:45 Conscription
45:36 Bracer
45:53 Leather Archer Armor
51:15 Vendel Legacy
51:18 Cavalier
aos.ceus
1:09 Loom
15:37 Feudal Age
17:48 Double-Bit Axe
18:13 Horse Collar
21:01 Castle Age
18:57 Gold Mining
19:47 Stone Mining
19:55 Fletching
20:18 Forging
20:30 Scale Mail Armor
28:16 Gold Shaft Mining
31:02 Murder Holes
35:15 Imperial Age
33:35 Bow Saw
33:28 Heavy Plow
35:15 Iron Casting
36:34 Ballistics
37:29 Wheelbarrow
37:46 Elite Varangian Guard
42:42 Hand Cart
43:32 Blast Furnace
42:48 Chain Mail Armor
42:29 Bodkin Arrow
42:35 Padded Archer Armor
50:42 Squires
50:06 Pikeman
50:35 Gambesons
51:43 Conscription
50:46 Halberdier
57:26 Plate Mail Armor
56:57 Bracer
57:13 Leather Archer Armor
56:45 Elite Skirmisher
58:11 Thumb Ring
Moscato
0:38 Loom
18:16 Feudal Age
19:11 Horse Collar
19:20 Double-Bit Axe
29:18 Castle Age
28:36 Forging
28:33 Stone Mining
28:37 Gold Mining
29:15 Champi Runner
33:18 Fletching
36:54 Bodkin Arrow
37:38 Padded Archer Armor
40:33 Ballistics
42:45 Imperial Age
40:56 Leather Archer Armor
43:07 Iron Casting
42:13 Champi Warrior
42:54 Scale Mail Armor
42:58 Heavy Plow
43:19 Pikeman
44:09 Bracer
45:00 Huaracas
48:37 Chemistry
47:59 Elite Guecha Warrior
52:18 Treadmill Crane
ELTRAVERO
1:00 Loom
13:33 Feudal Age
14:01 Town Watch
15:51 Double-Bit Axe
17:31 Scale Mail Armor
19:08 Forging
21:09 Arson
23:54 Wheelbarrow
27:05 Castle Age
25:57 Fletching
27:51 Squires
27:12 Pikeman
28:16 Gold Mining
28:38 Redemption
31:45 Sanctity
31:36 Fervor
33:22 Atonement
34:40 Gold Shaft Mining
33:55 Stone Mining
35:14 Elite Skirmisher
36:16 Bodkin Arrow
36:22 Padded Archer Armor
37:40 Horse Collar
39:50 Leather Archer Armor
40:14 Heavy Plow
43:00 Imperial Age
42:26 Town Patrol
42:41 Hand Cart
43:21 Atlatl
44:39 Block Printing
44:50 Illumination
45:48 Theocracy
46:21 Bow Saw
46:25 Herbal Medicine
46:48 Bracer
47:34 Conscription
48:17 Chemistry
47:37 Ballistics
52:43 Iron Casting
52:24 Chain Mail Armor
52:10 Elite Jaguar Warrior
53:52 Garland Wars
Connection lost

Rejoining the realm…

Still unreachable

The connection could not be restored.

Session expired

The server has moved on; the page needs a fresh start.